IL
RENO ACES @ LAS VEGAS 51S
10/06/2047
 
TOP OF THE 1ST
Florida State University Seminoles batting - Pitching for Coastal Carolina University Chanticleers : LHP Kilipeka Jarrah
Pitching: LHP Kilipeka Jarrah
Batting: RHB Matt Kirschner 0-0: Called Strike
0-1: Ball
1-1: Ground out 4-3 (Groundball, 4MS, EV 73.8 MPH)
Batting: RHB Joey Glass 0-0: DOUBLE (Line Drive, 3D, EV 102.5 MPH)
Batting: LHB Fred Winward 0-0: Called Strike
0-1: SINGLE (Flyball, 56D, EV 93.8 MPH)
Joey Glass to third
Batting: LHB Ed Salas 0-0: Ball
1-0: Ball
2-0: Ball
3-0: Called Strike
3-1: Swinging Strike
3-2: Fly out, F9 (Flyball, 89M, EV 81.2 MPH)
Runner from 3rd tags up, SCORES, throw by RF
Batting: RHB Jai Barrowcliff 0-0: Called Strike
0-1: Swinging Strike
0-2: 2-RUN HOME RUN (Flyball, 7D, EV 110.6 MPH), Distance : 417 ft
Batting: SHB Jeff Mozal 0-0: Swinging Strike
0-1: Swinging Strike
0-2: Ball
1-2: Foul Ball, location: 2F
1-2: Foul Ball, location: 2F
1-2: Strikes out swinging
Top of the 1st over - 3 runs, 3 hits, 0 errors, 0 left on base; Florida State University 3 - Coastal Carolina University 0
BOTTOM OF THE 1ST
Coastal Carolina University Chanticleers batting - Pitching for Florida State University Seminoles : RHP Manfredino Chiaromonte
Pitching: RHP Manfredino Chiaromonte
Batting: RHB Milutin Kraljevic 0-0: Called Strike
0-1: Ball
1-1: Ball
2-1: Foul Ball, location: 2F
2-2: Foul Ball, location: 2F
2-2: Strikes out swinging
Batting: RHB Mike Mallory 0-0: Ball
1-0: Reached on error, E5 (Groundball, 56, EV 81.9 MPH)
Batting: LHB Burt Caffyn 0-0: Foul Ball, location: 2F
0-1: Foul Ball, location: 2F
0-2: Foul Ball, location: 2F
0-2: Ball
1-2: Strikes out swinging
Batting: RHB Aaron DeZeeuw 0-0: Called Strike
0-1: Reached on error, E6 (Groundball, 6, EV 78.1 MPH)
Mike Mallory to third
Batting: RHB Bradley King 0-0: Called Strike
0-1: Ball
1-1: Called Strike
1-2: Fielders Choice at 2nd, 6-4 (Groundball, 56, EV 91.2 MPH)
Bottom of the 1st over - 0 runs, 0 hits, 2 errors, 2 left on base; Florida State University 3 - Coastal Carolina University 0
TOP OF THE 2ND
Florida State University Seminoles batting - Pitching for Coastal Carolina University Chanticleers : LHP Kilipeka Jarrah
Batting: RHB Jun Tai 0-0: Called Strike
0-1: Ball
1-1: Swinging Strike
1-2: Strikes out swinging
Batting: LHB Aleksandar Moljevic 0-0: Called Strike
0-1: Foul Ball, location: 2F
0-2: Strikes out looking
Batting: LHB Appolonius Miller 0-0: Ball
1-0: Ball
2-0: Ball
3-0: Called Strike
3-1: Called Strike
3-2: Strikes out swinging
Top of the 2nd over - 0 runs, 0 hits, 0 errors, 0 left on base; Florida State University 3 - Coastal Carolina University 0
BOTTOM OF THE 2ND
Coastal Carolina University Chanticleers batting - Pitching for Florida State University Seminoles : RHP Manfredino Chiaromonte
Batting: RHB Greg Bennett 0-0: Ball
1-0: Called Strike
1-1: Ground out 5-3 (Groundball, 56S, EV 69.4 MPH)
Batting: SHB Nestor Sandoval 0-0: Foul Ball, location: 2F
0-1: Ball
1-1: Ground out U3 (Groundball, 34, EV 86.9 MPH)
Batting: RHB Darren Allan 0-0: SINGLE (Groundball, 6M, EV 80.0 MPH) (infield hit)
Batting: RHB John Granter 0-0: Ball
1-0: Ball
Darren Allan is caught stealing 2nd base 2-4
Bottom of the 2nd over - 0 runs, 1 hit, 0 errors, 0 left on base; Florida State University 3 - Coastal Carolina University 0
TOP OF THE 3RD
Florida State University Seminoles batting - Pitching for Coastal Carolina University Chanticleers : LHP Kilipeka Jarrah
Batting: RHB Matt Kirschner 0-0: Reached on error, E6 (Groundball, 6, EV 80.6 MPH)
Batting: RHB Joey Glass 0-0: Ball
1-0: Called Strike
1-1: Ground out 1-3 (Groundball, P, EV 66.2 MPH)
Matt Kirschner to third
Batting: LHB Fred Winward 0-0: Ground out 6-3 (Groundball, 6, EV 83.8 MPH)
Matt Kirschner scores
Batting: LHB Ed Salas 0-0: Called Strike
0-1: Ball
1-1: Foul Ball, location: 2F
1-2: Ball
2-2: Strikes out looking
Top of the 3rd over - 1 run, 0 hits, 1 error, 0 left on base; Florida State University 4 - Coastal Carolina University 0
BOTTOM OF THE 3RD
Coastal Carolina University Chanticleers batting - Pitching for Florida State University Seminoles : RHP Manfredino Chiaromonte
Batting: RHB John Granter 0-0: Foul Ball, location: 2F
0-1: Ball
1-1: Ball
2-1: Called Strike
2-2: Ground out 4-3 (Groundball, 4, EV 80.0 MPH)
Batting: RHB Milutin Kraljevic 0-0: Foul Ball, location: 2F
0-1: Called Strike
0-2: Ball
1-2: Ball
2-2: Strikes out swinging
Batting: RHB Mike Mallory 0-0: Ball
1-0: Swinging Strike
1-1: Ball
2-1: Foul Ball, location: 2F
2-2: Ground out 6-3 (Groundball, P, EV 82.5 MPH)
Bottom of the 3rd over - 0 runs, 0 hits, 0 errors, 0 left on base; Florida State University 4 - Coastal Carolina University 0
TOP OF THE 4TH
Florida State University Seminoles batting - Pitching for Coastal Carolina University Chanticleers : LHP Kilipeka Jarrah
Batting: RHB Jai Barrowcliff 0-0: Ball
1-0: SINGLE (Groundball, 56D, EV 94.4 MPH)
Batting: SHB Jeff Mozal 0-0: Called Strike
0-1: Ball
1-1: Foul Ball, location: 2F
1-2: Ball
2-2: Strikes out swinging
Batting: RHB Jun Tai 0-0: Swinging Strike
0-1: Swinging Strike
0-2: Ball
Wild Pitch!
Jai Barrowcliff to second
1-2: Ball
2-2: Ball
3-2: Strikes out looking
Batting: LHB Aleksandar Moljevic 0-0: Foul Ball, location: 2F
0-1: Foul Ball, location: 2F
0-2: Ball
1-2: Ground out U3 (Groundball, 3, EV 93.8 MPH)
Top of the 4th over - 0 runs, 1 hit, 0 errors, 1 left on base; Florida State University 4 - Coastal Carolina University 0
BOTTOM OF THE 4TH
Coastal Carolina University Chanticleers batting - Pitching for Florida State University Seminoles : RHP Manfredino Chiaromonte
Batting: LHB Burt Caffyn 0-0: Ball
1-0: Foul Ball, location: 2F
1-1: Foul Ball, location: 2F
1-2: Foul Ball, location: 2F
1-2: Foul Ball, location: 2F
1-2: Strikes out swinging
Batting: RHB Aaron DeZeeuw 0-0: Ground out 5-3 (Groundball, 5S, EV 86.9 MPH)
Batting: RHB Bradley King 0-0: Ball
1-0: Ball
2-0: Ball
3-0: Called Strike
3-1: Swinging Strike
3-2: Strikes out looking
Bottom of the 4th over - 0 runs, 0 hits, 0 errors, 0 left on base; Florida State University 4 - Coastal Carolina University 0
TOP OF THE 5TH
Florida State University Seminoles batting - Pitching for Coastal Carolina University Chanticleers : LHP Kilipeka Jarrah
Now at 1B: Mike Howard
Batting: LHB Appolonius Miller 0-0: Swinging Strike
0-1: Swinging Strike
0-2: Strikes out swinging
Pinch Hitting: RHB Baltazar Zuzarte 0-0: Ball
1-0: Ball
2-0: Foul Ball, location: 2F
2-1: Swinging Strike
2-2: Ball
3-2: Strikes out looking
Batting: RHB Joey Glass 0-0: Fly out, F8 (Line Drive, 8LM, EV 88.8 MPH)
Top of the 5th over - 0 runs, 0 hits, 0 errors, 0 left on base; Florida State University 4 - Coastal Carolina University 0
BOTTOM OF THE 5TH
Coastal Carolina University Chanticleers batting - Pitching for Florida State University Seminoles : RHP Manfredino Chiaromonte
Now at 2B: Baltazar Zuzarte
Batting: RHB Greg Bennett 0-0: Ball
1-0: Ball
2-0: Called Strike
2-1: Foul Ball, location: 2F
2-2: Foul Ball, location: 2F
2-2: TRIPLE (Flyball, 7LD, EV 106.9 MPH)
Batting: SHB Nestor Sandoval 0-0: Ball
1-0: Ball
2-0: Swinging Strike
2-1: Ball
3-1: Base on Balls
Batting: RHB Darren Allan 0-0: Foul Ball, location: 2F
0-1: Swinging Strike
0-2: Fielders Choice at 2nd, 4-6 (Groundball, 4, EV 83.1 MPH)
Greg Bennett scores
Batting: RHB John Granter 0-0: SINGLE (Groundball, 56D, EV 98.1 MPH)
Darren Allan to second
Pinch Hitting: LHB Brad Duncan 0-0: SINGLE (Line Drive, 6D, EV 98.8 MPH)
Darren Allan to third
John Granter to second
Runner from 3rd tries for Home, SAFE, throw by LF to home
Batting: RHB Mike Mallory 0-0: Called Strike
0-1: Ball
1-1: Foul Ball, location: 2F
1-2: Ball
2-2: Strikes out looking
Pitching: LHP Dave Farr
Batting: LHB Burt Caffyn 0-0: Ball
1-0: Ball
2-0: Called Strike
2-1: Ground out 4-3 (Groundball, 4, EV 80.0 MPH)
Bottom of the 5th over - 2 runs, 3 hits, 0 errors, 2 left on base; Florida State University 4 - Coastal Carolina University 2
TOP OF THE 6TH
Florida State University Seminoles batting - Pitching for Coastal Carolina University Chanticleers : LHP Kilipeka Jarrah
Pitching: RHP Harvey Newberry
Now at 2B: Darren Allan
Now at SS: Brad Duncan
Batting: LHB Esteban Chavez 0-0: Ball
1-0: Ball
2-0: Called Strike
2-1: Foul Ball, location: 2F
2-2: Foul Ball, location: 2F
2-2: Ball
3-2: Strikes out swinging
Pinch Hitting: RHB Mitchell McCandless 0-0: Ball
1-0: Foul Ball, location: 2F
1-1: Ball
2-1: Swinging Strike
2-2: Foul Ball, location: 2F
2-2: Strikes out looking
Batting: RHB Jai Barrowcliff 0-0: Ball
1-0: Ball
2-0: Ground out 6-3 (Groundball, 6, EV 85.6 MPH)
Top of the 6th over - 0 runs, 0 hits, 0 errors, 0 left on base; Florida State University 4 - Coastal Carolina University 2
BOTTOM OF THE 6TH
Coastal Carolina University Chanticleers batting - Pitching for Florida State University Seminoles : LHP Dave Farr
Now at 1B: Ron McComiskey
Pinch Hitting: SHB William Potter 0-0: Ball
1-0: Foul Ball, location: 2F
1-1: Fly out, F8 (Flyball, 8RM, EV 81.2 MPH)
Batting: RHB Mike Howard 0-0: Ball
1-0: Called Strike
1-1: Foul Ball, location: 2F
1-2: Ball
2-2: SINGLE (Groundball, 56D, EV 97.5 MPH)
Batting: LHB Matt McGinley 0-0: Called Strike
0-1: Foul Ball, location: 2F
0-2: Strikes out swinging
Pinch Hitting: RHB Chien Ly 0-0: Foul Ball, location: 2F
0-1: Foul Ball, location: 2F
0-2: Foul Ball, location: 2F
0-2: Strikes out swinging
Bottom of the 6th over - 0 runs, 1 hit, 0 errors, 1 left on base; Florida State University 4 - Coastal Carolina University 2
TOP OF THE 7TH
Florida State University Seminoles batting - Pitching for Coastal Carolina University Chanticleers : RHP Harvey Newberry
Pitching: LHP Mike Snyder
Now at 3B: William Potter
Now in CF: Chien Ly
Batting: SHB Jeff Mozal 0-0: Ball
1-0: Foul Ball, location: 2F
1-1: Ball
2-1: Ground out 5-3 (Groundball, 56, EV 86.2 MPH)
Batting: RHB Jun Tai 0-0: Foul Ball, location: 2F
0-1: Swinging Strike
0-2: Foul Ball, location: 2F
0-2: Ball
1-2: Ball
2-2: Ball
3-2: SOLO HOME RUN (Flyball, 78XD, EV 110.0 MPH), Distance : 441 ft
Pinch Hitting: RHB Bayesa Ssenyonjo 0-0: Called Strike
0-1: Ball
1-1: Foul Ball, location: 2F
1-2: Foul Ball, location: 2F
1-2: Ball
2-2: Foul Ball, location: 2F
2-2: Strikes out looking
Batting: LHB Appolonius Miller 0-0: Ball
1-0: SINGLE (Groundball, 15S, EV 75.0 MPH) (infield hit)
Batting: RHB Baltazar Zuzarte 0-0: Called Strike
0-1: Ball
1-1: Foul Ball, location: 2F
1-2: Strikes out looking
Top of the 7th over - 1 run, 2 hits, 0 errors, 1 left on base; Florida State University 5 - Coastal Carolina University 2
BOTTOM OF THE 7TH
Coastal Carolina University Chanticleers batting - Pitching for Florida State University Seminoles : LHP Dave Farr
Pitching: RHP Tom Collett
Now in RF: Bayesa Ssenyonjo
Batting: RHB Darren Allan 0-0: Ball
1-0: Foul Ball, location: 2F
1-1: Swinging Strike
1-2: Ball
2-2: Ball
3-2: Base on Balls
Batting: RHB John Granter 0-0: Bunt missed!
0-1: Sac Bunt to 3S - play at first, batter OUT! 3-4
Darren Allan to second
Batting: LHB Brad Duncan 0-0: Ball
1-0: Foul Ball, location: 2F
1-1: Called Strike
1-2: Strikes out swinging
Batting: RHB Mike Mallory 0-0: Ball
1-0: Ball
2-0: Reached on error, E3 (Groundball, 34, EV 103.1 MPH)
Darren Allan scores
Batting: LHB Burt Caffyn 0-0: Ball
1-0: Ball
2-0: Foul Ball, location: 2F
2-1: Foul Ball, location: 2F
2-2: Fly out, F7 (Flyball, 78S, EV 82.5 MPH)
Bottom of the 7th over - 1 run, 0 hits, 1 error, 1 left on base; Florida State University 5 - Coastal Carolina University 3
TOP OF THE 8TH
Florida State University Seminoles batting - Pitching for Coastal Carolina University Chanticleers : LHP Mike Snyder
Pitching: RHP Tony Green
Batting: RHB Joey Glass 0-0: Ball
1-0: Ball
2-0: Swinging Strike
2-1: Ball
3-1: Foul Ball, location: 2F
3-2: Base on Balls
Batting: LHB Esteban Chavez 0-0: Ball
Wild Pitch!
Joey Glass to second
1-0: DOUBLE (Flyball, 78D, EV 108.8 MPH)
Joey Glass scores
Batting: LHB Ron McComiskey 0-0: Called Strike
0-1: Foul Ball, location: 2F
0-2: Ball
1-2: Foul Ball, location: 2F
1-2: Ground out 5-3 (Groundball, 56, EV 109.4 MPH)
Batting: RHB Jai Barrowcliff 0-0: Ball
1-0: Ball
2-0: Ball
3-0: Called Strike
3-1: Foul Ball, location: 2F
3-2: Base on Balls
Batting: SHB Jeff Mozal 0-0: Ball
1-0: Ball
2-0: Ball
3-0: Called Strike
3-1: Foul Ball, location: 2F
3-2: Base on Balls
Esteban Chavez to third
Jai Barrowcliff to second
Pitching: LHP Steve Carey
Batting: RHB Jun Tai 0-0: Swinging Strike
0-1: DOUBLE (Groundball, 5L, EV 110.0 MPH)
Esteban Chavez scores
Jai Barrowcliff scores
Jeff Mozal to third
Batting: RHB Bayesa Ssenyonjo 0-0: Ball
1-0: Ball
2-0: Called Strike
2-1: Ball
3-1: Base on Balls
Batting: LHB Appolonius Miller 0-0: Ball
1-0: Called Strike
1-1: Swinging Strike
1-2: Strikes out swinging
Batting: RHB Baltazar Zuzarte 0-0: SINGLE (Line Drive, 8LS, EV 100.6 MPH)
Jeff Mozal scores
Jun Tai to third
Bayesa Ssenyonjo to second
Runner from 3rd tries for Home, throw by CF and OUT! 8-2
Top of the 8th over - 4 runs, 3 hits, 0 errors, 2 left on base; Florida State University 9 - Coastal Carolina University 3
BOTTOM OF THE 8TH
Coastal Carolina University Chanticleers batting - Pitching for Florida State University Seminoles : RHP Tom Collett
Pitching: RHP Rhett Palmisano
Batting: SHB William Potter 0-0: Ground out 1-3 (Groundball, 15S, EV 68.1 MPH)
Batting: RHB Mike Howard 0-0: Ball
1-0: Ball
2-0: Ball
3-0: Base on Balls
Batting: LHB Matt McGinley 0-0: Ball
1-0: Foul Ball, location: 2F
1-1: Ball
2-1: Ball
3-1: Swinging Strike
3-2: Base on Balls
Mike Howard to second
Batting: RHB Chien Ly 0-0: Called Strike
0-1: Swinging Strike
0-2: Ball
1-2: Fielders Choice at 2nd, 6-4 (Groundball, 6, EV 79.4 MPH)
Mike Howard to third
Batting: RHB Darren Allan 0-0: Ball
1-0: Called Strike
1-1: Foul Ball, location: 2F
1-2: Strikes out swinging
Bottom of the 8th over - 0 runs, 0 hits, 0 errors, 2 left on base; Florida State University 9 - Coastal Carolina University 3
TOP OF THE 9TH
Florida State University Seminoles batting - Pitching for Coastal Carolina University Chanticleers : LHP Steve Carey
Pitching: RHP Bang-eun Na
Batting: RHB Joey Glass 0-0: Swinging Strike
0-1: Called Strike
0-2: Strikes out swinging
Batting: RHB Matt Rangel 0-0: Ball
1-0: Foul Ball, location: 2F
1-1: Ball
2-1: Called Strike
2-2: Fly out, F9 (Line Drive, 9, EV 109.4 MPH)
Batting: LHB Ron McComiskey 0-0: Ball
1-0: Ground out 5-3 (Groundball, 56, EV 109.4 MPH)
Top of the 9th over - 0 runs, 0 hits, 0 errors, 0 left on base; Florida State University 9 - Coastal Carolina University 3
BOTTOM OF THE 9TH
Coastal Carolina University Chanticleers batting - Pitching for Florida State University Seminoles : RHP Rhett Palmisano
Pitching: RHP Ben Kuhbauer
Pinch Hitting: RHB Jason Fink 0-0: Called Strike
0-1: Ball
1-1: Fly out, F8 (Flyball, 89M, EV 78.1 MPH)
Batting: LHB Brad Duncan 0-0: Ground out 6-3 (Groundball, 6S, EV 90.0 MPH)
Batting: RHB Mike Mallory 0-0: SINGLE (Line Drive, 4, EV 94.4 MPH)
Batting: LHB Burt Caffyn 0-0: Swinging Strike
0-1: Foul Ball, location: 2F
0-2: Ball
1-2: DOUBLE (Line Drive, 3D, EV 94.4 MPH)
Mike Mallory to third
Batting: SHB William Potter 0-0: SINGLE (Groundball, 4MD, EV 110.0 MPH)
Mike Mallory scores
Burt Caffyn to third
Batting: RHB Mike Howard 0-0: Ball
1-0: Called Strike
1-1: Ball
2-1: Swinging Strike
2-2: Strikes out swinging
Bottom of the 9th over - 1 run, 3 hits, 0 errors, 2 left on base; Florida State University 9 - Coastal Carolina University 4
Thursday, December 15th , 2022 - OOTP Baseball 23.9 Build 102